 Dungeon Crawl Stone Soup version 0.31-a0-1068-g5939ac1fb6 (webtiles) character file.

Game seed: 7709934484591366262

76 Descartes the Digger (level 4, -2/30 HPs)
             Began as a Formicid Earth Elementalist on Nov 24, 2023.
             Succumbed to a kobold's poison
             ... on level 2 of the Dungeon.
             The game lasted 00:04:23 (2031 turns).

Descartes the Digger (Formicid Earth Elementalist)  Turns: 2031, Time: 00:04:23

Health: -2/30      AC:  9    Str: 15    XL:     4   Next: 57%
Magic:  1/8        EV: 12    Int: 14    God:
Gold:   155        SH:  0    Dex: 14    Spells: 7/8 levels left

rFire   + . .        c - +0 dagger
rCold   . . .        (no shield)
rNeg    . . .        u - +0 chain mail
rPois   .            (helmet unavailable)
rElec   .            (no cloak)
rCorr   .            o - +0 pair of gloves
SInv    +            (no boots)
Will    .....        i - amulet of the acrobat Stlth
                     h - ring of protection from fire
HPRegen 0.25/turn    m - +5 ring of evasion
MPRegen 0.11/turn

%: acrobat
@: lethally poisoned (-2 -> -13), very slightly contaminated
A: permanent stasis, dig shafts and tunnels, antennae 3, four strong arms
a: Dig, Shaft Self


You were on level 2 of the Dungeon.
You visited 1 branch of the dungeon, and saw 3 of its levels.

You collected 155 gold pieces.

Inventory:

Hand Weapons
 c - a +0 dagger (weapon)
Armour
 o - a +0 pair of gloves (worn)
 u - a +0 chain mail (worn)
Jewellery
 f - a +6 ring of strength
 h - a ring of protection from fire (left hand)
 i - an amulet of the acrobat (around neck)
 m - a +5 ring of evasion (right hand)
 t - a ring of protection from cold
Scrolls
 d - 2 scrolls of identify {unknown}
 j - a scroll of fear {unknown}
 k - a scroll of enchant weapon {unknown}
 n - a scroll of teleportation {unknown}
Potions
 b - a potion of magic
 e - 2 potions of curing {unknown}
 l - 2 potions of heal wounds {unknown}
 p - 3 potions of brilliance {unknown}
 q - a potion of lignification {unknown}
 r - a potion of ambrosia {unknown}
 s - a potion of cancellation {unknown}


   Skills:
 - Level 2.3 Dodging
 - Level 3.1 Stealth
 - Level 2.6 Spellcasting
 - Level 2.0 Transmutations
 + Level 4.6 Earth Magic


You had 7 spell levels left.
You knew the following spells:

 Your Spells              Type           Power      Damage    Failure   Level
a - Sandblast             Erth           28%        2d8       50%         1

Your spell library contained the following spells:

 Spells                   Type           Power      Damage    Failure   Level
 Passwall                 Tmut/Erth      9%         N/A       82%         2
 Stone Arrow              Conj/Erth      16%        3d8       99%         3
 Brom's Barrelling Bould  Conj/Erth      8%         2d3       100%        4
 Petrify                  Tmut/Erth      11%        N/A       100%        4


Dungeon Overview and Level Annotations

Branches:
Dungeon (3/15)

Altars:


Innate Abilities, Weirdness & Mutations

You cannot be hasted, slowed, berserked, paralysed or teleported.
You can dig through walls and to a lower floor.
You have a pair of large antennae on your head. (SInv)
Your four strong arms can wield two-handed weapons with a shield.


Message History

The gnoll is severely wounded.
The gnoll completely misses you. The gnoll hits you but does no damage.
You closely miss the gnoll.
The gnoll is severely wounded.
The gnoll closely misses you. The gnoll hits you with a +0 club.
* * * LOW HITPOINT WARNING * * *
Unknown command.
You hit the gnoll but do no damage.
The gnoll is severely wounded.
The gnoll hits you from afar with a +0 spear.
* * * LOW HITPOINT WARNING * * *
The gnoll closely misses you.
Casting: Sandblast (safe; 52% risk of failure)
Confirm with . or Enter, or press ? or * to list all spells.
Aiming: Sandblast (safe; 52% risk of failure)
Press: ? - help, Shift-Dir - straight line, f/p - gnoll
Aim: a gnoll, wielding a +0 club (severely wounded, 84% to hit)
You miscast Sandblast.
Nothing appears to happen.
The gnoll hits you but does no damage. The gnoll completely misses you.
Unknown command.
You hit the gnoll.
The gnoll is almost dead.
The gnoll hits you but does no damage. The gnoll closely misses you.
You hit the gnoll.
You kill the gnoll!
The gnoll hits you from afar with a +0 spear.
* * * LOW HITPOINT WARNING * * *
Unknown command.
The gnoll attacks as it pursues you! The gnoll barely misses you.
You see here a +0 club.
The gnoll attacks as it pursues you! The gnoll closely misses you.
The gnoll attacks as it pursues you! The gnoll barely misses you.
The gnoll attacks as it pursues you! The gnoll misses you.
There is a stone staircase leading up here.
The kobold throws a poisoned dart.
The poisoned dart hits you!
You are lethally poisoned!
The gnoll hits you from afar with a +0 spear.
* * * LOW HITPOINT WARNING * * *
You climb upwards.
You die...

#.#### #.# #.###.#########.##
#.# #.# #...............## #.#
#.# #####..#######..## #.# #.#
#..# #..# #.# #.# #..# ###..#
#.# #.# #..# #....## #.# #.#
#..# #.#.... #.#
#.#######..#####.#..## #.#
#....@................
#.#########.#######..#####.#.<##
#........##.#####.............##
########.##.....................
#.................#######
###########...##### #####


There were no monsters in sight!

Vanquished Creatures
  2 gnolls (D:3)
  3 adders (D:2)
  A worm (D:2)
  A dart slug (D:1)
  An orc (D:3)
  6 ball pythons
  An endoplasm (D:2)
  2 goblins (D:1)
  2 hobgoblins
  2 kobolds (D:1)
  3 bats
  2 frilled lizards (D:1)
  2 rats
28 creatures vanquished.

Notes
Turn   | Place    | Note
-------+----------+-------------------------------------------
     0 | D:1      | Descartes the Formicid Earth Elementalist began the quest
                  | for the Orb.
     0 | D:1      | Reached XP level 1. HP: 13/13 MP: 3/3
   143 | D:1      | Reached XP level 2. HP: 19/19 MP: 3/5
   177 | D:1      | Found a faded altar of an unknown god.
   989 | D:2      | Reached XP level 3. HP: 24/24 MP: 3/6
  1236 | D:2      | Reached skill level 4 in Earth Magic
  1322 | D:2      | Reached XP level 4. HP: 4/30 MP: 1/8
  2031 | D:2      | Succumbed to a kobold's poison

Illustrated notes

Levels and vault maps discovered:
D:1:      amcnicky_arrival_wind_blow, layout_basic, basic_ecumenical_altar,
          minmay_misc_feat_square, grunt_decor_clamped
D:2:      minmay_chambers_of_twos, layout_loops_ring
D:3:      layout_loops_ring, mainiacjoe_overflow_concentric_impassable,
          led_xom_imps, minmay_misc_feat_rows

Skill      XL: |  1  2  3  4 |
---------------+-------------+-----
Dodging        | 2 |  2.3
Stealth        | 3 |  3.1
Earth Magic    | 4 |  4.6
Transmutations | 2 |  2.0
Spellcasting   | |  2.6

Action                     |  1- 3 |  4- 6 || total
---------------------------+-------+-------++-------
  Melee: Unarmed           |     2 |       ||     2
         Dagger            |     4 |     9 ||    13
   Cast: Sandblast         |    33 |     7 ||    40
 Armour: Robe              |     2 |       ||     2
         Leather armour    |     6 |       ||     6
         Chain mail        |       |    23 ||    23
  Dodge: Dodged            |    15 |    26 ||    41

Table legend: (Time is in decaauts)
 A = Elapsed time spent in this place.
 B = Non-inter-level travel time spent in this place.
 C = Inter-level travel time spent in this place.
 D = Time resting spent in this place.
 E = Time spent auto-exploring this place.
 F = Levels seen in this place.
 G = Mean time per level.
                   A        B        C        D        E       F      G
               +--------+--------+--------+--------+--------+-----+--------+
         Total |   2048 |   2009 |     39 |      0 |   1709 |   3 |  682.7 |
       Dungeon |   2048 |   2009 |     39 |      0 |   1709 |   3 |  682.7 |
               +--------+--------+--------+--------+--------+-----+--------+

Top non-repeatable levels by time:
     D:2: 988 daAuts
     D:1: 899 daAuts
     D:3: 159 daAuts
